 Dungeon Crawl Stone Soup version 0.31-a0-700-gf13585253f (webtiles) character file.

Game seed: 11189928625751173328

58 Iich the Trooper (level 4, -7/40 HPs)
             Began as a Hill Orc Fighter on Sept 7, 2023.
             Was an Initiate of Beogh.
             Mangled by an ogre
             ... wielding a +0 giant spiked club
              (21 damage)
             ... on level 4 of the Dungeon.
             The game lasted 00:03:00 (859 turns).

Iich the Trooper (Hill Orc Fighter)                  Turns: 859, Time: 00:03:00

Health: -7/40      AC:  6    Str: 18    XL:     4   Next: 1%
Magic:  4/4        EV:  9    Int:  8    God:    Beogh [......]
Gold:   110        SH:  5    Dex: 12    Spells: 3/3 levels left

rFire   + . .        a - +0 war axe
rCold   + . .        c - +0 buckler
rNeg    . . .        b - +0 scale mail
rPois   .            (no helmet)
rElec   .            g - scarf {rC+ rF+}
rCorr   .            (no gloves)
SInv    .            (no boots)
Will    .....        (no amulet) Stlth
                     (no ring)
HPRegen 0.26/turn    (no ring)
MPRegen 0.09/turn

%: no passive effects
@: no status effects
A: no striking features
a: Renounce Religion


You were on level 4 of the Dungeon.
You worshipped Beogh.
Beogh was noncommittal.
You visited 1 branch of the dungeon, and saw 4 of its levels.

You collected 110 gold pieces.

Inventory:

Hand Weapons
 a - a +0 war axe (weapon)
Armour
 b - a +0 scale mail (worn)
 c - a +0 buckler (worn)
 g - a scarf of resistance (worn)
Talismans
 e - a flux talisman
Scrolls
 h - 2 scrolls of teleportation {unknown}
 i - 5 scrolls of identify
 j - a scroll of fear {unknown}
Potions
 d - a potion of might
 f - a potion of lignification {unknown}


   Skills:
 + Level 4.2 Fighting
 + Level 3.5 Axes
 - Level 3.2 Armour
 + Level 1.2 Dodging
 + Level 3.8 Shields


You had 3 spell levels left.
You didn't know any spells.
Your spell library contained the following spells:

 Spells                   Type           Power      Damage    Failure   Level
 Slow                     Hex            0%         N/A       86%         1
 Summon Guardian Golem    Hex/Summ       0%         N/A       99%         3
 Animate Armour           Summ/Erth      0%         N/A       100%        4
 Summon Ice Beast         Ice/Summ       0%         N/A       100%        4


Dungeon Overview and Level Annotations

Branches:
Dungeon (4/15)
 Temple: D:4-7

Altars:
Sif Muna
Trog
Vehumet

Annotations:
D:4 Ijyb


Message History

A quokka comes into view.
A quokka is nearby!
Found 4 poisoned darts.
You closely miss the quokka. You block the quokka's attack.
The quokka bites you but does no damage.
You closely miss the quokka. The quokka barely misses you.
The quokka bites you but does no damage.
You slash the quokka!
You kill the quokka!
Beogh accepts your kill.
You have reached level 4!
Health restored: 40; MP restored: 4 An ogre comes into view.
It is wielding a +0 giant spiked club.
The ogre shouts!
You swap places.
The ogre barely misses you.
An orc comes into view. It is wielding a +0 dagger.
You see here a +0 robe.
The orc shouts!
You hit the ogre.
The ogre is lightly wounded.
You hear a shout!
A jelly comes into view.
The ogre hits you with a +0 giant spiked club!!
Ouch! That really hurt!
* * * LOW HITPOINT WARNING * * *
The jelly quivers.
You take 27 damage, and have 13/40 hp. !!!!--MASSIVE DAMAGE--!!!!
You slash the ogre!
The ogre is heavily wounded.
The ogre barely misses you.
You hit the ogre.
The ogre is severely wounded.
You block the ogre's attack.
You hit the ogre.
The ogre is almost dead.
An orc comes into view. It is wielding a +0 club.
The ogre hits you with a +0 giant spiked club!!
Ouch! That really hurt!
You die...

#.# #.........#
#.###.........#.......
#...................s.
.g..
####..................
..$.
#####...................
....
#.[.............(.......
...
####......>.......J.....
#. #.##....).....O?.....
##.. #....o....@.......
##..# #.....o.....#...#.
......#....##o#.##o.#...
.... #.#.#...........#
...... ..#.
................# #.o..
## #.#.#..####.....#
.#.o # ......# #.....# .
. # #.#.#. ##....# # .
...... #.....(. ..


You could see an ogre, a scorpion, a jelly, 3 orcs, 2 neutral orc priests and a
neutral orc (wandering).

Vanquished Creatures
  2 adders (D:3)
  A white imp (D:3)
  An orc (D:3)
  2 bats (D:1)
  An endoplasm (D:1)
  2 giant cockroaches
  2 goblins (D:1)
  4 hobgoblins
  6 jackals (D:1)
  A quokka (D:4)
  2 ball pythons (D:1)
  A frilled lizard (D:3)
  3 kobolds (D:1)
  2 rats (D:1)
30 creatures vanquished.

Vanquished Creatures (others)
  An orc (D:4)
1 creature vanquished.

Grand Total: 31 creatures vanquished

Notes
Turn   | Place    | Note
-------+----------+-------------------------------------------
     0 | D:1      | Iich the Hill Orc Fighter began the quest for the Orb.
     0 | D:1      | Reached XP level 1. HP: 19/19 MP: 1/1
    33 | D:1      | Got the Precepts of Accompaniment
   133 | D:1      | Reached XP level 2. HP: 23/27 MP: 2/2
   232 | D:1      | Reached skill level 4 in Fighting
   354 | D:1      | Found a faded altar of an unknown god.
   409 | D:1      | Reached XP level 3. HP: 23/33 MP: 3/3
   514 | D:3      | Found a shimmering blue altar of Sif Muna.
   546 | D:3      | Got Sif Muna's Collected Works on the Fair Folk
   551 | D:3      | Found a bloodstained altar of Trog.
   571 | D:3      | Reached skill level 1 in Dodging
   745 | D:4      | Noticed a scorpion
   746 | D:4      | Noticed Ijyb
   782 | D:4      | Found a radiant altar of Vehumet.
   821 | D:4      | Became a worshipper of Beogh the Brigand
   848 | D:4      | Reached XP level 4. HP: 40/40 MP: 4/4
   852 | D:4      | Noticed an ogre
   859 | D:4      | Mangled by an ogre

Illustrated notes

Levels and vault maps discovered:
D:1:      ebering_trefoil_3fold, layout_loops_cross,
          dreamdust_ecumenical_altar_hidden_monk_grotto, serial_shops,
          nicolae_shop_behind_doors, nicolae_concentric_dashed_squares_mild
D:2:      layout_basic, grunt_decor_fettered, minmay_mini_jars, uniq_terence
D:3:      layout_loops_ring, old_standard_altar,
          nzn_overflow_gifts_of_might_and_magic
D:4:      layout_rooms, mainiacjoe_overflow_chevrons,
          mainiacjoe_overflow_catwalk, minmay_temple_entry_crystal_x,
          serial_glass, glass_columns_b, glass_columns_b, serial_shops, shop,
          nicolae_custom_books, uniq_ijyb

Skill      XL: |  1  2  3 |
---------------+----------+-----
Axes           | 3 |  3.5
Fighting       | 4 |  4.2
Dodging        | 1 |  1.2
Armour         | |  3.2
Shields        | |  3.8

Action                     |  1- 3 |  4- 6 || total
---------------------------+-------+-------++-------
  Melee: War axe           |    83 |     4 ||    87
 Invoke: Convert to Beogh  |     1 |       ||     1
    Use: Scroll            |     1 |       ||     1
 Armour: Scale mail        |    68 |     2 ||    70
  Dodge: Dodged            |    59 |     2 ||    61
  Block: Buckler           |    34 |     1 ||    35

Table legend: (Time is in decaauts)
 A = Elapsed time spent in this place.
 B = Non-inter-level travel time spent in this place.
 C = Inter-level travel time spent in this place.
 D = Time resting spent in this place.
 E = Time spent auto-exploring this place.
 F = Levels seen in this place.
 G = Mean time per level.
                   A        B        C        D        E       F      G
               +--------+--------+--------+--------+--------+-----+--------+
         Total |    890 |    845 |     45 |      0 |    535 |   4 |  222.5 |
       Dungeon |    890 |    845 |     45 |      0 |    535 |   4 |  222.5 |
               +--------+--------+--------+--------+--------+-----+--------+

Top non-repeatable levels by time:
     D:1: 467 daAuts
     D:3: 273 daAuts
     D:4: 86 daAuts
     D:2: 63 daAuts
